 Dungeon Crawl Stone Soup version 0.23.0 (webtiles) character file.

Game seed: 15223909271933640455

368 tidbits the Charmwright (level 6, 1/51 HPs)
             Began as a Gnoll Skald on Feb 14, 2019.
             Was an Initiate of Cheibriados.
             Quit the game on level 5 of the Dungeon.
             The game lasted 00:10:04 (892 turns).

tidbits the Charmwright (Gnoll Skald)                Turns: 892, Time: 00:10:05

Health: 1/51       AC:  4    Str: 14    XL:     6   Next: 69%
Magic:  3/14       EV: 15    Int: 22    God:    Cheibriados [......]
Gold:   72         SH:  0    Dex: 15    Spells: 4/15 levels left

rFire    . . .     SeeInvis .   a - +1 spear (freeze)
rCold    + . .     Gourm    .   (no shield)
rNeg     . . .     Faith    .   B - +2 robe {rC+}
rPois    .         Spirit   .   (no helmet)
rElec    .         Reflect  .   (no cloak)
rCorr    .         Harm     .   (no gloves)
MR       .....                  (no boots)
Stlth    ++........             (no amulet)
HPRegen  0.17/turn              g - +2 ring of slaying
MPRegen  0.14/turn              n - +3 ring of intelligence

@: singing, very slow
A: distributed training, fangs 1, strong nose
a: Bend Time, Renounce Religion


You were on level 5 of the Dungeon.
You worshipped Cheibriados.
Cheibriados was noncommittal.
You were full.

You visited 2 branches of the dungeon, and saw 6 of its levels.

You collected 72 gold pieces.

Inventory:

Hand Weapons
 a - a +1 spear of freezing (weapon)
   (You took it off a gnoll sergeant on level 5 of the Dungeon)
 i - a +0 spear
Missiles
 f - 84 arrows
 o - a throwing net (quivered) {!f}
Armour
 b - a +0 leather armour
 B - a +2 robe of cold resistance (worn)
   (You took it off Blork the orc on level 4 of the Dungeon)
Jewellery
 g - a +2 ring of slaying (left hand)
   (You found it on level 1 of the Dungeon)
 n - a +3 ring of intelligence (right hand)
   (You found it on level 5 of the Dungeon)
Scrolls
 c - a scroll of noise {unknown}
 h - a scroll of teleportation {unknown}
 j - a scroll of amnesia {unknown}
 m - a scroll of remove curse
Potions
 e - a potion of lignification
 l - 2 potions of brilliance
Comestibles
 d - 4 rations


   Skills:
 + Level 5.0 Fighting
 + Level 2.0 Short Blades
 + Level 2.0 Long Blades
 + Level 2.0 Axes
 + Level 2.0 Maces & Flails
 + Level 5.0 Polearms
 + Level 2.0 Staves
 + Level 2.0 Slings
 + Level 2.0 Bows
 + Level 2.0 Crossbows
 + Level 2.0 Throwing
 + Level 3.3 Armour
 + Level 5.0 Dodging
 + Level 2.0 Stealth
 + Level 2.0 Shields
 + Level 2.0 Unarmed Combat
 + Level 5.4 Spellcasting
 + Level 1.6 Conjurations
 + Level 1.6 Hexes
 + Level 5.7 Charms
 + Level 1.6 Summonings
 + Level 1.6 Necromancy
 + Level 1.6 Translocations
 + Level 1.6 Transmutations
 + Level 1.6 Fire Magic
 + Level 1.6 Ice Magic
 + Level 1.6 Air Magic
 + Level 1.6 Earth Magic
 + Level 1.6 Poison Magic
 + Level 2.2 Invocations
 + Level 2.0 Evocations


You had 4 spell levels left.
You knew the following spells:

 Your Spells              Type           Power        Failure   Level  Hunger
g - Shroud of Golubria    Chrm/Tloc      ###.......   3%          2    None
i - Infusion              Chrm           ####         1%          1    None
r - Regeneration          Chrm/Necr      ###.......   6%          3    ##.....
w - Spectral Weapon       Hex/Chrm       ###.....     6%          3    ##.....
y - Song of Slaying       Chrm           ####....     1%          2    None

Your spell library contained the following spells:

 Spells                   Type           Power        Failure   Level  Hunger


Dungeon Overview and Level Annotations

Branches:
Dungeon (5/15)             Temple (1/1) D:5

Altars:
Cheibriados
Nemelex Xobeh
Uskayaw
Vehumet
Zin
The Shining One

Shops:
D:4 [


Innate Abilities, Weirdness & Mutations

Your experience applies equally to all skills.
You have very sharp teeth.
Your uncanny sense of smell can sniff out nearby items.


Message History

Press: ? - help, Dir - move target cursor, f/p - gnoll
Aim: a gnoll, wielding a +0 spear (heavily wounded)
You reach to attack!
You hit the gnoll. You freeze the gnoll.
The gnoll is almost dead.
Your spectral weapon hits the gnoll from afar.
Your spectral weapon freezes the gnoll.
You kill the gnoll!
Cheibriados appreciates the change of pace.
The gnoll throws a stone.
The stone hits you but does no damage.
The gnoll throws a stone.
The stone barely misses you. The stone hits your spectral weapon.
Your spectral weapon shares its damage with you!
You see here a stone.
Attack whom?
Press: ? - help, Dir - move target cursor, f - gnoll
Aim: a gnoll You reach to attack!
You puncture the gnoll! You freeze the gnoll.
The gnoll is almost dead.
The gnoll throws a stone.
The stone hits you.
* * * LOW HITPOINT WARNING * * *
Attack whom?
Press: ? - help, Dir - move target cursor, f/p - gnoll
Aim: a gnoll (almost dead)
You reach to attack!
You hit the gnoll. You freeze the gnoll.
You kill the gnoll!
Cheibriados appreciates the change of pace.
Things that are here:
6 stones; a gnoll corpse Your spectral weapon fades away.
Found 36 bolts and a robe.
Why would you want to do that?
You see here a stone.
You see here a jackal corpse.
Things that are here:
a +0 club; a +0 robe; a gnoll corpse You see here 3 stones.
You see here a stone.
You see here a stone.
Found a ration.
A gnoll comes into view. It is wielding a +0 spear.
A gnoll sergeant comes into view. It is wielding a +0 spear.
Unknown command.
Unknown command.
Casting: Spectral Weapon (safe; 6% risk of failure)
Confirm with . or Enter, or press ? or * to list all spells.
You start singing a song of slaying.
The gnoll shouts!
The gnoll sergeant shouts!
You hear a shout! x3
Unknown command.
Casting: Song of Slaying (safe; 1% risk of failure)
Confirm with . or Enter, or press ? or * to list all spells.
You draw out your weapon's spirit!
Unknown command.
Unknown command.
A gnoll comes into view.
The gnoll shouts!
Unknown command.
Unknown command.
You see here a ration.
Unknown command.
Attack whom?
Press: ? - help, Dir - move target cursor, f - gnoll
Aim: a gnoll, wielding a +0 spear You reach to attack!
You puncture the gnoll! You freeze the gnoll.
The gnoll is almost dead.
The gnoll sergeant hits you from afar with a +0 spear!
* * * LOW HITPOINT WARNING * * *
The gnoll misses you.
Your spectral weapon hits the gnoll from afar!
Your spectral weapon freezes the gnoll.
You kill the gnoll!
Cheibriados appreciates the change of pace.
Attack whom?
Press: ? - help, Dir - move target cursor, f - gnoll sergeant
Aim: a gnoll sergeant, wielding a +0 spear, wearing a +0 ring mail and wearing a +0 buckler You reach to attack!
You barely miss the gnoll sergeant.
Your spectral weapon hits the gnoll sergeant from afar.
Your spectral weapon freezes the gnoll sergeant.
The gnoll sergeant hits you from afar with a +0 spear!
* * * LOW HITPOINT WARNING * * *
Attack whom?
Press: ? - help, Dir - move target cursor, f/p - gnoll sergeant
Aim: a gnoll sergeant, wielding a +0 spear, wearing a +0 ring mail and wearing a +0 buckler (lightly wounded)
You reach to attack!
You hit the gnoll sergeant but do no damage.
The gnoll sergeant is lightly wounded.
Your spectral weapon hits the gnoll sergeant from afar.
Your spectral weapon freezes the gnoll sergeant.
The gnoll sergeant hits you from afar with a +0 spear.
* * * LOW HITPOINT WARNING * * *
Attack whom?
Press: ? - help, Dir - move target cursor, f/p - gnoll sergeant
Aim: a gnoll sergeant, wielding a +0 spear, wearing a +0 ring mail and wearing a +0 buckler (moderately wounded)
You reach to attack!
The gnoll sergeant blocks your attack.
The gnoll sergeant is moderately wounded.
Your spectral weapon hits the gnoll sergeant from afar.
Your spectral weapon freezes the gnoll sergeant.
The gnoll sergeant hits you from afar with a +0 spear.
* * * LOW HITPOINT WARNING * * *
Okay, then.
Are you sure you want to abandon this character and quit the game? (Confirm with "yes".)

... ##...## #...
...##..... #.....
........# ......
#.......# .....
##.......# ...#
.####..g#)...# # ...#
....##.....(g..#.## ...#
#..........@......#
...####................#
.....#.................#
....##......##...####.##
#............#....# #
##...........#...##
#######.....(...##
########......###
#.....(#.8..###


You could see a gnoll sergeant, a gnoll and a friendly spectral +1 spear of
freezing.

Vanquished Creatures
  Blork the orc (D:4)
  A gnoll sergeant (D:5)
  A hound (D:4)
  A gnoll shaman (D:5)
  A worker ant (D:4)
  A worker ant zombie (D:5)
  8 gnolls (D:5)
  3 adders
  An ooze (D:1)
  A worm (D:3)
  A dart slug (D:4)
  2 leopard geckos (D:1)
  A giant cockroach (D:3)
  2 goblins
  A hobgoblin (D:1)
  6 jackals
  A quokka (D:4)
  2 frilled lizards (D:1)
  A jackal skeleton (D:4)
  A jackal zombie (D:5)
  3 kobolds (D:1)
  2 rats
42 creatures vanquished.

Notes
Turn   | Place    | Note
-------+----------+-------------------------------------------
     0 | D:1      | tidbits the Gnoll Skald began the quest for the Orb.
     0 | D:1      | Reached XP level 1. HP: 20/20 MP: 6/6
    75 | D:1      | Reached XP level 2. HP: 23/26 MP: 0/7
    86 | D:1      | Learned a level 2 spell: Song of Slaying
    89 | D:1      | Learned a level 2 spell: Shroud of Golubria
   267 | D:2      | Found a sparkling altar of Nemelex Xobeh.
   347 | D:3      | Reached XP level 3. HP: 28/31 MP: 5/9
   353 | D:3      | Reached skill level 5 in Spellcasting
   358 | D:3      | Learned a level 3 spell: Regeneration
   362 | D:3      | Learned a level 3 spell: Spectral Weapon
   432 | D:4      | Noticed Blork the orc
   442 | D:4      | Killed Blork the orc
   442 | D:4      | Reached skill level 1 in Short Blades
   442 | D:4      | Reached skill level 1 in Long Blades
   442 | D:4      | Reached skill level 1 in Axes
   442 | D:4      | Reached skill level 1 in Maces & Flails
   442 | D:4      | Reached skill level 1 in Staves
   442 | D:4      | Reached skill level 1 in Slings
   442 | D:4      | Reached skill level 1 in Bows
   442 | D:4      | Reached skill level 1 in Crossbows
   442 | D:4      | Reached skill level 1 in Throwing
   442 | D:4      | Reached skill level 1 in Stealth
   442 | D:4      | Reached skill level 1 in Shields
   442 | D:4      | Reached skill level 1 in Unarmed Combat
   442 | D:4      | Reached skill level 1 in Conjurations
   442 | D:4      | Reached skill level 1 in Hexes
   442 | D:4      | Reached skill level 1 in Summonings
   442 | D:4      | Reached skill level 1 in Necromancy
   442 | D:4      | Reached skill level 1 in Translocations
   442 | D:4      | Reached skill level 1 in Transmutations
   442 | D:4      | Reached skill level 1 in Fire Magic
   442 | D:4      | Reached skill level 1 in Ice Magic
   442 | D:4      | Reached skill level 1 in Air Magic
   442 | D:4      | Reached skill level 1 in Earth Magic
   442 | D:4      | Reached skill level 1 in Poison Magic
   442 | D:4      | Reached skill level 1 in Invocations
   442 | D:4      | Reached skill level 1 in Evocations
   442 | D:4      | Reached XP level 4. HP: 12/38 MP: 4/11
   461 | D:4      | Found Odghir's Armour Emporium.
   487 | D:5      | Entered Level 5 of the Dungeon
   487 | D:5      | Noticed a sky beast
   505 | D:4      | Reached XP level 5. HP: 18/43 MP: 6/12
   591 | D:4      | Reached skill level 3 in Armour
   664 | D:5      | Found a staircase to the Ecumenical Temple.
   673 | Temple   | Entered the Ecumenical Temple
   686 | Temple   | Became a worshipper of Cheibriados the Contemplative
   775 | D:5      | Reached XP level 6. HP: 23/50 MP: 8/13
   779 | D:5      | Reached skill level 2 in Invocations
   784 | D:5      | HP: 8/50 [gnoll (4)]
   789 | D:5      | HP: 12/75 [jackal (1)]
   809 | D:5      | Reached skill level 5 in Fighting
   809 | D:5      | Reached skill level 2 in Short Blades
   809 | D:5      | Reached skill level 2 in Long Blades
   809 | D:5      | Reached skill level 2 in Axes
   809 | D:5      | Reached skill level 2 in Maces & Flails
   809 | D:5      | Reached skill level 5 in Polearms
   809 | D:5      | Reached skill level 2 in Staves
   809 | D:5      | Reached skill level 2 in Slings
   809 | D:5      | Reached skill level 2 in Bows
   809 | D:5      | Reached skill level 2 in Crossbows
   809 | D:5      | Reached skill level 2 in Throwing
   809 | D:5      | Reached skill level 5 in Dodging
   809 | D:5      | Reached skill level 2 in Stealth
   809 | D:5      | Reached skill level 2 in Shields
   809 | D:5      | Reached skill level 2 in Unarmed Combat
   809 | D:5      | Reached skill level 2 in Evocations
   889 | D:5      | HP: 10/51 [gnoll sergeant/+0 spear (9)]
   891 | D:5      | HP: 1/51 [gnoll sergeant/+0 spear (6)]
   892 | D:5      | Quit the game

Skill      XL: |  1  2  3  4  5  6 |
---------------+-------------------+-----
Spellcasting   | 5 |  5.4
Short Blades   | 1 2 |  2.0
Long Blades    | 1 2 |  2.0
Axes           | 1 2 |  2.0
Maces & Flails | 1 2 |  2.0
Staves         | 1 2 |  2.0
Slings         | 1 2 |  2.0
Bows           | 1 2 |  2.0
Crossbows      | 1 2 |  2.0
Throwing       | 1 2 |  2.0
Stealth        | 1 2 |  2.0
Shields        | 1 2 |  2.0
Unarmed Combat | 1 2 |  2.0
Conjurations   | 1 |  1.6
Hexes          | 1 |  1.6
Summonings     | 1 |  1.6
Necromancy     | 1 |  1.6
Translocations | 1 |  1.6
Transmutations | 1 |  1.6
Fire Magic     | 1 |  1.6
Ice Magic      | 1 |  1.6
Air Magic      | 1 |  1.6
Earth Magic    | 1 |  1.6
Poison Magic   | 1 |  1.6
Invocations    | 1 2 |  2.2
Evocations     | 1 2 |  2.0
Armour         | 3 |  3.3
Fighting       | 5 |  5.0
Polearms       | 5 |  5.0
Dodging        | 5 |  5.0
Charms         | |  5.7

Action                   |  1- 3 |  4- 6 || total
-------------------------+-------+-------++-------
Melee: Spear             |    54 |    78 ||   132
       Bite              |     2 |    10 ||    12
 Cast: Infusion          |     3 |       ||     3
       Shroud of Golubri |     2 |     1 ||     3
       Song of Slaying   |     1 |     2 ||     3
       Spectral Weapon   |     2 |    11 ||    13
       Regeneration      |       |     5 ||     5
  Use: Potion            |     1 |     3 ||     4
       Scroll            |       |     3 ||     3
 Stab: Sleeping          |       |     2 ||     2
       Distracted        |       |     1 ||     1
  Eat: Ration            |     2 |       ||     2
Armor: Leather armour    |    10 |       ||    10
       Robe              |       |    14 ||    14
       Skin              |       |    29 ||    29
Dodge: Dodged            |    21 |    53 ||    74

Table legend:
 A = Turns spent in this place as a percentage of turns spent in the entire game.
 B = Non-inter-level travel turns spent in this place as a percentage of non-inter-level travel turns spent in the entire game.
 C = Inter-level travel turns spent in this place as a percentage of turns spent in this place.
 D = Turns resting spent in this place as a percentage of non-inter-level travel turns spent in this place.
 E = Turns spent auto-exploring this place as a percentage of non-inter-level travel turns spent in this place.
 F = Non-inter-level travel turns spent in this place divided by the number of levels of this place that you've seen.
                   A       B       C       D       E      F
               +-------+-------+-------+-------+-------+----------------------
         Total | 100.0 | 100.0 |   3.1 |   0.0 |   0.0 | 144.0
       Dungeon |  96.9 |  98.1 |   1.9 |   0.0 |   0.0 | 169.6
        Temple |   3.1 |   1.9 |  42.9 |   0.0 |   0.0 |  16.0
               +-------+-------+-------+-------+-------+----------------------

Table legend:
 A = Kills in this place as a percentage of kills in entire the game.
 B = Kills by you in this place as a percentage of kills by you in the entire game.
 C = Kills by friends in this place as a percentage of kills by friends in the entire game.
 D = Other kills in this place as a percentage of other kills in the entire game.
 E = Experience gained in this place as a percentage of experience gained in the entire game.
 F = Experience gained in this place divided by the number of levels of this place that you have seen.
                   A       B       C       D       E      F
               +-------+-------+-------+-------+-------+----------------------
         Total | 100.0 | 100.0 |   N/A |   N/A | 100.0 |  87.8
       Dungeon | 100.0 | 100.0 |   N/A |   N/A | 100.0 | 105.4
               +-------+-------+-------+-------+-------+----------------------

Levels and vault maps discovered:
D:1:      dpeg_arrival_solitude, layout_basic, minmay_heptomino_l4
D:2:      layout_basic, fedhas_altar_2, nemelex_xobeh_ov_fountains_minmay
D:3:      wad_crossroads, layout_basic, gammafunk_ghost_arena,
          kennysheep_nondescript, glass_columns_a, st_stairs_12, uniq_robin
D:4:      layout_cave_pools, okawaru_altar_gauntlet_db, serial_shops, shop,
          first_ration, uniq_blork_the_orc
D:5:      layout_cave_pools, minmay_temple_entry_glass, serial_gnoll_camp,
          gnoll_camp_huts_basic, gnoll_camp_medium_01, gnoll_camp_medium_02,
          grums_kennel, grunt_ministairs_2, kb_lookout_dungeons_type
Temple:   zaba_magenta_temple
